 Dungeon Crawl Stone Soup version 0.24-a0-537-g2d01d4a (webtiles) character file.

Game seed: 8418888668741315156

125545 Faca the Whirler (level 17, -14/115 HPs)
             Began as a Halfling Hunter on Aug 16, 2019.
             Was the Champion of Okawaru.
             Demolished by a snapping turtle (17 damage)
             ... on level 4 of the Shoals.
             The game lasted 02:35:49 (46038 turns).

Faca the Whirler (Halfling Hunter)                 Turns: 46038, Time: 02:35:49

Health: -14/115    AC: 21    Str: 23    XL:     17   Next: 51%
Magic:  24/24      EV: 25    Int: 15    God:    Okawaru [******]
Gold:   1824       SH:  9    Dex: 22    Spells: 16/16 levels left

rFire    . . .     SeeInvis .   t - +3 rapier (elec)
rCold    + . .     Gourm    .   F - +0 buckler {rC+}
rNeg     . . .     Faith    .   K - quicksilver dragon scales of Spite {MR+ Int+3}
rPois    +         Spirit   .   u - +1 helmet {Int+3}
rElec    .         Reflect  .   b - +1 cloak {rPois}
rCorr    .         Harm     .   N - +1 pair of gloves {Str+3}
MR       ++...                  r - +0 pair of boots (curse)
Stlth    ++++......             (no amulet)
HPRegen  0.29/turn              D - +5 ring of strength
MPRegen  0.19/turn              J - +2 ring of strength

@: no status effects
A: small, mutation resistance 1
a: Heroism, Finesse, Renounce Religion


You were on level 4 of the Shoals.
You worshipped Okawaru.
Okawaru was exalted by your worship.
You were not hungry.

You visited 5 branches of the dungeon, and saw 28 of its levels.
You also visited: Bailey and Ice Cave.

You collected 2582 gold pieces.
You spent 758 gold pieces at shops.

Inventory:

Hand Weapons
 h - the +9 demon whip of the Vendetta {freeze, *Corrode rPois rC+ MR+}
   (You found it in an ice cave)

   It has been specially enchanted to freeze those struck by it, causing extra
   injury to most foes and up to half again as much damage against particularly
   susceptible opponents.
   It can also slow down cold-blooded creatures.
   It protects you from cold.
   It protects you from poison.
   It affects your resistance to hostile enchantments.
   It may corrode you when you take damage.
 t - a +3 rapier of electrocution (weapon)
 P - a +4 rapier of venom
 Q - a +8 fustibalus of velocity
Missiles
 d - 487 sling bullets
 g - 353 stones
 n - 36 poisoned darts (quivered)
 w - 11 throwing nets
 H - 14 curare-tipped darts
Armour
 b - a +1 cloak of poison resistance (worn)
 r - a cursed +0 pair of boots (worn)
 u - a +1 helmet of intelligence (worn)
 F - a +0 buckler of cold resistance (worn)
 K - the quicksilver dragon scales of Spite (worn) {MR+ Int+3}
   (Okawaru gifted it to you on level 1 of the Shoals)

   It affects your intelligence (+3).
   It affects your resistance to hostile enchantments.
 N - a +1 pair of gloves of strength (worn)
Jewellery
 i - an uncursed ring of flight
 D - a +5 ring of strength (left hand)
 J - a +2 ring of strength (right hand)
 M - an uncursed ring of protection from fire
Wands
 c - a wand of random effects (52)
 p - a wand of iceblast (11)
 B - a wand of disintegration (39)
 L - a wand of polymorph (13)
 S - a wand of flame (64)
 T - a wand of scattershot (7)
 V - a wand of digging (9)
Scrolls
 a - 4 scrolls of magic mapping
 m - 4 scrolls of immolation
 q - 7 scrolls of remove curse
 y - 3 scrolls of enchant armour
 A - 2 scrolls of teleportation
 E - 3 scrolls of fog
 O - 4 scrolls of identify
Potions
 e - 7 potions of lignification
 j - 5 potions of agility
 k - 8 potions of might
 l - 3 potions of berserk rage
 o - 4 potions of cancellation
 s - 3 potions of flight
 v - 6 potions of haste
 x - 2 potions of ambrosia
 z - 2 potions of brilliance
 C - 7 potions of mutation
 G - 11 potions of curing
 U - 2 potions of heal wounds
Comestibles
 f - 32 rations
 I - 2 chunks of flesh


   Skills:
 - Level 10.0 Fighting
 + Level 14.7 Short Blades
 + Level 19.4 Slings
 - Level 10.0 Armour
 + Level 12.1 Dodging
 + Level 10.6 Stealth
 - Level 10.2 Shields
 - Level 10.0 Invocations


You had 16 spell levels left.
You didn't know any spells.
Your spell library contained the following spells:

 Spells                   Type           Power        Failure   Level  Hunger
 Freeze                   Ice            #...         36%         1    ##.....
 Sting                    Conj/Pois      #...         36%         1    ##.....
 Poisonous Vapours        Pois/Air       #.....       52%         2    ###....
 Throw Frost              Conj/Ice       #.....       52%         2    ###....
 Mephitic Cloud           Conj/Pois/Air  #.......     75%         3    ####...
 Ozocubu's Armour         Chrm/Ice       #.......     75%         3    ####...
 Olgreb's Toxic Radiance  Pois           #.......     98%         4    #####..
 Summon Ice Beast         Ice/Summ       #.......     98%         4    #####..
 Throw Icicle             Conj/Ice       #.......     98%         4    #####..
 Irradiate                Conj/Tmut      #.........   100%        5    ######.
 Venom Bolt               Conj/Pois      #.........   100%        5    ######.
 Hydra Form               Tmut           #.........   100%        6    #######
 Poison Arrow             Conj/Pois      #.........   100%        6    #######
 Statue Form              Tmut/Erth      #........    100%        6    #######
 Dragon Form              Tmut           #.........   100%        7    #######
 Chain Lightning          Conj/Air       #.........   100%        8    #######
 Lehudib's Crystal Spear  Conj/Erth      #.........   100%        8    #######
 Fire Storm               Conj/Fire      #.........   100%        9    #######
 Glaciate                 Conj/Ice       #.........   100%        9    #######


Dungeon Overview and Level Annotations

Branches:
Dungeon (15/15)            Temple (1/1) D:6            Lair (6/6) D:9
 Shoals (4/4) Lair:2       Spider (0/4) Lair:3        Slime (0/5) Lair:5
    Orc (2/2) D:10            Elf (0/3) Orc:2        Vaults (0/5) D:14
 Depths (0/5) D:15

Altars:
Ashenzari
Cheibriados
Dithmenos
Elyvilon
Fedhas
Gozag
Hepliaklqana
Kikubaaqudgha
Makhleb
Nemelex Xobeh
Okawaru
Qazlal
Ru
Sif Muna
Trog
Uskayaw
Vehumet
Wu Jian
Xom
Yredelemnul
Zin
The Shining One
Beogh
Jiyva

Shops:
D:12 (   Orc:2 ?[(=   Shoals:1 (   Shoals:4 =

Annotations:
D:10 2 transporters, chaoswolf's ghost, journeyman DsBe
Lair:3 1 runed translucent door, silentkaos13's ghost, journeyman GnFi
Lair:5 1 runed translucent door, exclusion: oklob plant


Innate Abilities, Weirdness & Mutations

You are small and have problems with some larger weapons.
You are somewhat resistant to further mutation.


Message History

You feel much better.
The alligator snapping turtle barely misses you.
A merfolk javelineer comes into view. It is wielding a +0 spear of venom.
The merfolk throws a boomerang.
The boomerang hits you.
The weapon returns to the merfolk!
The alligator snapping turtle completely misses you.
Unknown command.
A merfolk comes into view.
It is wielding a +2 trident of piercing.
The merfolk throws a boomerang.
The boomerang hits you.
The weapon returns to the merfolk!
The merfolk shouts!
The water nymph flows with the water.
The merfolk throws a boomerang.
You block the boomerang.
The weapon returns to the merfolk!
You block the snapping turtle's attack.
There is a stone staircase leading up here.
The alligator snapping turtle bites you!!
* * * LOW HITPOINT WARNING * * *
The merfolk throws a boomerang.
The boomerang completely misses you.
The weapon returns to the merfolk!
The snapping turtle bites you!
You die...

.............≈≈≈≈≈.......
....mm.(.....≈≈∩≈≈.......
..m.......≈≈.≈≈........
...........≈.≈.........
≈≈≈....................
≈≈≈...............P...≈
≈≈≈...........m.....≈≈≈
#.........)..P...≈P≈P
#.....@t..m......≈≈≈P
#....).t....#≈####≈≈
......≈.......### .
.≈≈≈≈≈≈≈...≈###
≈≈≈≈≈m≈≈≈≈..≈#
≈≈≈≈≈≈≈≈≈≈≈≈≈#
≈≈≈≈≈≈≈≈≈≈≈≈≈#
≈≈≈≈≈≈≈≈≈≈≈≈≈#
≈≈≈≈≈≈≈≈≈≈≈#


You could see an alligator snapping turtle, a merfolk javelineer (wandering), a
snapping turtle, 4 merfolk and a water nymph (fleeing).

Vanquished Creatures
  Nikola (Shoals:1)
  Rupert (Lair:5)
  Frances (D:14)
  An orc warlord (Orc:2)
  A reaper (IceCv)
  Nessos (Lair:6)
  2 dire elephants
  A merfolk impaler (Shoals:2)
  3 merfolk javelineers
  An ice dragon (shapeshifter) (D:13)
  Harold (D:8)
  Fannar (Lair:1)
  A merfolk avatar (Shoals:2)
  7 hydras
  2 centaur warriors
  A death knight (D:12)
  5 two-headed ogres
  A catoblepas (Lair:6)
  A satyr (Shoals:3)
  3 merfolk aquamancers
  A deep troll shaman (Lair:6)
  3 death yaks (Lair:6)
  2 tengu warriors (D:14)
  Urug (Lair:3)
  An orc high priest (Orc:2)
  Sonja (Lair:1)
  12 sea snakes
  A wizard (D:14)
  A lindwurm (Lair:5)
  16 harpies
  A deep elf mage (D:14)
  A wolf spider (D:15)
  4 orc sorcerers (Orc:2)
  11 fauns
  14 ugly things
  6 manticores
  Maurice (D:12)
  21 elephants
  3 cyclopes
  2 ice statues (IceCv)
  2 merfolk sirens
  2 black mambas
  Joseph (D:7)
  A rime drake (Lair:6)
  12 spiny frogs
  3 centaur skeletons
  An efreet (D:13)
  7 komodo dragons
  9 ice devils (IceCv)
  3 tengu conjurers (D:14)
  11 merfolk
  3 hornets
  Prince Ribbit (D:7)
  11 trolls
  7 wind drakes
  2 polar bears (Lair:6)
  5 blink frogs (Lair:4)
  A meliai zombie (D:14)
  7 snapping turtles
  11 hippogriffs
  5 slime creatures (D:14)
  8 dream sheep
  Sigmund (D:5)
  A shadow (D:14)
  14 water elementals
  2 wraiths (D:12)
  5 wyverns
  21 yaks
  Grum (D:8)
  3 hungry ghosts
  2 steam dragons
  6 vampire mosquitoes (D:15)
  3 basilisks
  2 soldier ants (D:13)
  A warg (Orc:2)
  2 acid dragons
  12 water moccasins
  10 porcupines
  13 ice beasts
  7 phantoms
  33 orc warriors
  2 sky beasts
  3 black bears
  29 wolves
  6 ogres
  11 centaurs
  20 crocodiles
  3 big kobolds
  21 bullfrogs
  Blork the orc (D:5)
  2 gnoll sergeants
  A wyvern zombie (D:6)
  6 scorpions
  7 wights
  2 howler monkeys
  7 electric eels (D:12)
  6 crimson imps
  2 jellies
  4 centaur zombies
  5 hounds
  A gnoll shaman (D:8)
  23 orc priests
  Crazy Yiuf (D:7)
  2 bullfrog skeletons
  23 orc wizards
  6 iguanas
  A statue (D:5)
  11 worker ants
  8 ogre zombies (D:10)
  2 hound skeletons
  A worker ant zombie (D:9)
  16 gnolls
  12 adders
  4 shadow imps
  5 white imps (IceCv)
  7 ufetubi (IceCv)
  An ooze (D:2)
  An adder zombie (D:9)
  2 adder skeletons
  3 dart slugs
  2 worms
  4 leopard geckos
  111 orcs
  2 ball pythons
  9 bats
  7 giant cockroaches
  13 goblins
  6 hobgoblins
  13 jackals
  3 quokkas
  6 frilled lizards
  4 goblin zombies (D:10)
  A hobgoblin skeleton (D:10)
  26 kobolds
  A leopard gecko zombie (D:5)
  3 orc skeletons (D:10)
  17 orc zombies (D:10)
  A quokka zombie (D:7)
  4 rats
  A fungus (Lair:5)
  2 plants
895 creatures vanquished.

Vanquished Creatures (others)
  A death yak (Lair:6)
  A faun (Shoals:1)
  2 white imps (IceCv)
  5 ufetubi (IceCv)
  3 fungi (Lair:6)
  24 plants
  6 tentacles (Shoals:2)
42 creatures vanquished.

Grand Total: 937 creatures vanquished

Notes
Turn   | Place    | Note
-------+----------+-------------------------------------------
     0 | D:1      | Faca the Halfling Hunter began the quest for the Orb.
     0 | D:1      | Reached XP level 1. HP: 14/14 MP: 1/1
   124 | D:1      | Reached skill level 1 in Short Blades
   320 | D:1      | Reached XP level 2. HP: 19/19 MP: 2/2
   824 | D:2      | Reached XP level 3. HP: 25/25 MP: 3/3
  1255 | D:2      | Reached XP level 4. HP: 25/30 MP: 4/4
  1840 | D:2      | Found an ornate altar of the Wu Jian Council.
  1974 | D:3      | Found a faded altar of an unknown god.
  2054 | D:3      | Reached skill level 6 in Slings
  2352 | D:3      | Noticed a bullfrog
  2354 | D:3      | Reached XP level 5. HP: 36/36 MP: 5/5
  2360 | D:3      | Killed a bullfrog
  2379 | D:3      | Reached XP level 6. HP: 22/42 MP: 6/6
  2899 | D:4      | Reached skill level 7 in Slings
  3493 | D:4      | Noticed a phantom
  3518 | D:4      | Killed a phantom
  3518 | D:4      | Reached XP level 7. HP: 46/48 MP: 7/7
  3837 | D:4      | Found a bloodstained altar of Trog.
  3870 | D:5      | Entered Level 5 of the Dungeon
  3952 | D:5      | Noticed Sigmund
  3965 | D:5      | Killed Sigmund
  3965 | D:5      | Reached skill level 5 in Short Blades
  3965 | D:5      | Reached skill level 8 in Slings
  4065 | D:5      | Reached XP level 8. HP: 35/54 MP: 8/8
  4219 | D:5      | Found a radiant altar of Vehumet.
  4226 | D:5      | Reached skill level 5 in Fighting
  4248 | D:5      | Noticed Blork the orc
  4255 | D:5      | Killed Blork the orc
  4678 | D:5      | Reached skill level 9 in Slings
  5744 | D:5      | Identified a scroll of acquirement
  5745 | D:5      | Got a clouded emerald amulet
  6008 | D:6      | Reached XP level 9. HP: 62/62 MP: 9/9
  6068 | D:6      | Reached skill level 10 in Slings
  6318 | D:6      | Found a staircase to the Ecumenical Temple.
  6329 | Temple   | Entered the Ecumenical Temple
  7120 | D:6      | Found an iron altar of Okawaru.
  7120 | D:6      | Found a sacrificial altar of Ru.
  7130 | D:6      | Became a worshipper of Warmaster Okawaru
  7325 | D:7      | Noticed Joseph
  7669 | D:7      | Killed Joseph
  7669 | D:7      | Reached skill level 11 in Slings
  8473 | D:7      | Noticed Prince Ribbit
  8483 | D:7      | Killed Prince Ribbit
  8483 | D:7      | Reached * piety under Okawaru
  8483 | D:7      | Reached XP level 10. HP: 69/69 MP: 10/10
  8808 | D:7      | Found a runed translucent door.
  8809 | D:7      | Noticed Crazy Yiuf
  8820 | D:7      | Killed Crazy Yiuf
  9242 | D:8      | Found a sacrificial altar of Ru.
  9268 | D:8      | Noticed a two-headed ogre
  9280 | D:8      | Reached skill level 5 in Dodging
  9289 | D:8      | Killed a two-headed ogre
  9289 | D:8      | Reached ** piety under Okawaru
  9289 | D:8      | Reached skill level 12 in Slings
  9289 | D:8      | Reached skill level 5 in Stealth
  9709 | D:8      | Noticed Grum
 10332 | D:8      | Killed Grum
 10406 | D:8      | Noticed a two-headed ogre
 10422 | D:8      | Killed a two-headed ogre
 10422 | D:8      | Reached *** piety under Okawaru
 10422 | D:8      | Reached skill level 13 in Slings
 10698 | D:8      | Noticed Harold
 10777 | D:8      | Reached XP level 11. HP: 62/74 MP: 11/11
 10876 | D:8      | Killed Harold
 11096 | D:9      | Received a gift from Okawaru
 11159 | D:9      | Found a flagged portal.
 11258 | Bailey   | Entered a bailey
 12081 | D:9      | Reached skill level 1 in Invocations
 12376 | D:9      | Received a gift from Okawaru
 12786 | D:9      | Noticed a two-headed ogre
 12807 | D:9      | Killed a two-headed ogre
 12807 | D:9      | Reached **** piety under Okawaru
 12807 | D:9      | Reached skill level 14 in Slings
 13024 | D:9      | Found a staircase to the Lair.
 13320 | D:9      | Identified the amulet "Zubluth" {Faith *Contam +Blink +Fly
                  | rPois} (You acquired it on level 5 of the Dungeon)
 13596 | D:10     | Entered Level 10 of the Dungeon
 13729 | D:10     | Found a transporter.
 13734 | D:10     | Found a transporter.
 13734 | D:10     | Noticed chaoswolf's ghost (journeyman DsBe)
 13746 | D:10     | Noticed a harpy
 13746 | D:10     | a meliai changed into a harpy
 13754 | D:10     | Noticed a salamander
 13754 | D:10     | a harpy changed into a salamander
 13834 | D:10     | Reached skill level 1 in Armour
 13853 | D:10     | Noticed a centaur warrior
 13889 | D:10     | Killed a centaur warrior
 13889 | D:10     | Reached skill level 5 in Shields
 14923 | D:10     | Noticed an orb spider
 14923 | D:10     | a water moccasin changed into an orb spider
 14996 | D:10     | Found a staircase to the Orcish Mines.
 15214 | D:10     | Noticed a moth of wrath
 15214 | D:10     | a raiju changed into a moth of wrath
 15218 | D:10     | Reached ***** piety under Okawaru
 15705 | D:11     | Found a blossoming altar of Fedhas.
 15727 | D:11     | Received a gift from Okawaru
 15727 | D:11     | Reached XP level 12. HP: 71/80 MP: 15/15
 15892 | D:11     | Reached skill level 5 in Invocations
 17310 | Lair:1   | Entered Level 1 of the Lair of Beasts
 17633 | Lair:1   | Received a gift from Okawaru
 18336 | Lair:1   | Reached skill level 5 in Armour
 18709 | Lair:1   | Noticed an eight-headed hydra
 18715 | Lair:1   | Noticed Sonja
 18723 | Lair:1   | Killed an eight-headed hydra
 18723 | Lair:1   | Received a gift from Okawaru
 18725 | Lair:1   | Killed Sonja
 19091 | Lair:1   | Noticed Fannar
 19115 | Lair:1   | Killed Fannar
 19764 | Lair:2   | Found a frozen archway.
 19943 | IceCv    | Entered an ice cave
 20999 | IceCv    | Reached XP level 13. HP: 58/88 MP: 12/19
 21497 | IceCv    | Noticed a reaper
 21560 | IceCv    | Killed a reaper
 22107 | IceCv    | Reached skill level 15 in Slings
 22574 | IceCv    | Got a pitted demon whip
 22924 | IceCv    | Identified the +9 demon whip of the Vendetta {freeze,
                  | *Corrode rPois rC+ MR+} (You found it in an ice cave)
 23257 | Lair:2   | Found a staircase to the Shoals.
 23754 | Lair:3   | Found a hole to the Spider Nest.
 23763 | Lair:3   | Noticed Urug
 23784 | Lair:3   | Received a gift from Okawaru
 23831 | Lair:3   | Killed Urug
 24235 | Lair:3   | Found a runed translucent door.
 24294 | Lair:3   | Noticed a four-headed hydra
 24309 | Lair:3   | Killed a four-headed hydra
 24351 | Lair:3   | You fall into a shaft and drop 3 floors!
 24351 | Lair:6   | Entered Level 6 of the Lair of Beasts
 24705 | Lair:6   | Noticed an eight-headed hydra
 24728 | Lair:6   | Killed an eight-headed hydra
 24871 | Lair:5   | Found a runed translucent door.
 24872 | Lair:5   | Found a viscous altar of Jiyva.
 24881 | Lair:5   | Found a staircase to the Slime Pits.
 24881 | Lair:5   | Noticed an acid blob
 25109 | Lair:3   | Noticed silentkaos13's ghost (journeyman GnFi)
 25526 | Lair:4   | Received a gift from Okawaru
 26120 | Lair:4   | Reached skill level 10 in Short Blades
 26582 | Lair:4   | Reached skill level 16 in Slings
 27531 | Lair:5   | Noticed Rupert
 27774 | Lair:5   | Received a gift from Okawaru
 27808 | Lair:5   | Reached XP level 14. HP: 97/97 MP: 21/21
 27831 | Lair:5   | Reached skill level 10 in Invocations
 27838 | Lair:5   | Paralysed by a hornet for 1 turns
 28257 | Lair:5   | Killed Rupert
 28916 | Lair:5   | Received a gift from Okawaru
 29214 | Lair:5   | Reached skill level 10 in Fighting
 29214 | Lair:5   | Reached skill level 17 in Slings
 29955 | Lair:6   | Noticed Nessos
 30459 | Lair:6   | Killed Nessos
 31296 | Lair:6   | Received a gift from Okawaru
 31301 | Lair:6   | Got a twisted scale mail {god gift}
 31335 | Lair:6   | Identified the +1 scale mail "Ibumexko" {MR+} (Okawaru
                  | gifted it to you on level 6 of the Lair of Beasts)
 31360 | Lair:6   | Reached XP level 15. HP: 103/103 MP: 19/22
 31823 | Orc:1    | Entered Level 1 of the Orcish Mines
 32351 | Orc:2    | Entered Level 2 of the Orcish Mines
 32531 | Orc:2    | Found a roughly hewn altar of Beogh.
 32691 | Orc:2    | Found a roughly hewn altar of Beogh.
 32900 | Orc:2    | Found a roughly hewn altar of Beogh.
 33149 | Orc:2    | Found Royt's Jewellery Emporium.
 33159 | Orc:2    | Bought a cursed -3 ring of dexterity for 30 gold pieces
 33275 | Orc:2    | Found a roughly hewn altar of Beogh.
 33354 | Orc:2    | Reached skill level 18 in Slings
 33534 | Orc:2    | Found a staircase to the Elven Halls.
 33729 | Orc:2    | Found a roughly hewn altar of Beogh.
 33731 | Orc:2    | Found Veysodoa's Magic Scroll Emporium.
 33750 | Orc:2    | Bought a scroll of noise for 12 gold pieces
 33831 | Orc:2    | Noticed an orc warlord
 33852 | Orc:2    | Killed an orc warlord
 33921 | Orc:2    | Found Etacs's Antique Armour Shop.
 33923 | Orc:2    | Found a roughly hewn altar of Beogh.
 33932 | Orc:2    | Found Rot Baff's Antique Weapon Boutique.
 33945 | Orc:2    | Bought a faintly glowing short sword for 152 gold pieces
 33951 | Orc:2    | Identified the cursed +0 short sword of Qeexuvang {pierce,
                  | Str+4} (You bought it in a shop on level 2 of the Orcish
                  | Mines)
 34198 | Orc:2    | Bought a scroll of blinking for 90 gold pieces
 34198 | Orc:2    | Bought a scroll of enchant armour for 90 gold pieces
 34348 | D:12     | Found Kocefuc's Antique Weapon Emporium.
 34441 | D:12     | Noticed Maurice
 34448 | D:12     | Killed Maurice
 34865 | D:12     | Received a gift from Okawaru
 36401 | D:13     | Received a gift from Okawaru
 36788 | D:13     | Reached ****** piety under Okawaru
 36951 | D:12     | Bought a runed short sword for 192 gold pieces
 36951 | D:12     | Bought a glowing short sword for 192 gold pieces
 37063 | D:13     | Received a gift from Okawaru
 37466 | D:14     | Noticed Frances
 37834 | D:14     | Received a gift from Okawaru
 38289 | D:14     | Found a gate to the Vaults.
 38356 | D:14     | Received a gift from Okawaru
 38361 | D:14     | Reached XP level 16. HP: 109/109 MP: 23/23
 38914 | D:14     | Received a gift from Okawaru
 38942 | D:14     | Reached skill level 10 in Dodging
 39194 | D:14     | Killed Frances
 39194 | D:14     | Reached skill level 10 in Shields
 39288 | D:15     | Entered Level 15 of the Dungeon
 39508 | D:15     | Found an opulent altar of Gozag.
 39940 | D:15     | Found a staircase to the Depths.
 40515 | Shoals:1 | Entered Level 1 of the Shoals
 41591 | Shoals:1 | Received a gift from Okawaru
 42012 | Shoals:1 | Received a gift from Okawaru
 42013 | Shoals:1 | Got polished quicksilver dragon scales {god gift}
 42035 | Shoals:1 | Identified the quicksilver dragon scales of Spite {MR+
                  | Int+3} (Okawaru gifted it to you on level 1 of the Shoals)
 42215 | Shoals:1 | Noticed Nikola
 42231 | Shoals:1 | Killed Nikola
 42248 | Shoals:1 | Reached skill level 10 in Armour
 42335 | Shoals:1 | Found Axzut's Weapon Boutique.
 43313 | Shoals:2 | Noticed a kraken
 43341 | Shoals:2 | Reached XP level 17. HP: 115/115 MP: 24/24
 43777 | Shoals:2 | Reached skill level 19 in Slings
 43819 | Shoals:2 | Reached skill level 10 in Stealth
 45616 | Shoals:3 | Received a gift from Okawaru
 45890 | Shoals:4 | Entered Level 4 of the Shoals
 45969 | Shoals:4 | Received a gift from Okawaru
 45995 | Shoals:4 | Found Waghexecw's Jewellery Shop.
 46038 | Shoals:4 | HP: 3/115 [alligator snapping turtle (35)]
 46038 | Shoals:4 | Demolished by a snapping turtle

Levels and vault maps discovered:
D:1:      shiori_shiawase, layout_loops_ring
D:2:      layout_basic, marbit_many_paths
D:3:      layout_loops_ring, chequers_ecumenical_altar_island
D:4:      layout_loops_ring, first_ration, trog_book
D:5:      layout_cave_pods, vehumet_statue, uniq_sigmund, uniq_blork_the_orc
D:6:      layout_gridville, chequers_temple_overflow_statue_of_worship,
          minmay_temple_entry_butterflies
D:7:      layout_cave_pods, grunt_ogre_cave, uniq_crazy_yiuf_cottage,
          uniq_prince_ribbit1, uniq_joseph
D:8:      layout_rooms, nicolae_ru_great_annihilating_truth, uniq_grum,
          uniq_harold
D:9:      layout_stronghold, david_lair_shrubbed, enter_bailey_3, sword_in_stone
D:10:     layout_loops_corners, zombieorc2_lemuel, gammafunk_ghost_arena,
          feat_on_display
D:11:     layout_basic, wad_floor_pattern_untrapped, grunt_decor_cap,
          fedhas_bush_and_centaur_altar
D:12:     layout_stronghold, serial_shops, nicolae_shop_statue_plus,
          serial_bayou, serial_bayou_pond_a, serial_bayou_pond_d,
          serial_bayou_pond_e, serial_bayou_pond_b, serial_bayou_lake_a,
          kennysheep_big_empty_room, uniq_maurice
D:13:     layout_irregular_city
D:14:     layout_roguey, david_vaults_1, serial_bayou_pond_d,
          hangedman_decor_slide_cut, due_unseen_surprise, uniq_frances
D:15:     hangedman_depths_entry_try_elsewhere_first, layout_gridville,
          lemuel_statue_altar
Temple:   dpeg_five_rooms_temple
Lair:1:   layout_regular_city, cheibrodos_lair_reptile_den, grunt_megastairs_4,
          uniq_sonja, uniq_fannar
Lair:2:   layout_roguey, minmay_shoals_entry_hut,
          portal_ice_cave_entry_ice_beasts, infiniplex_staircase_pool,
          serial_bayou_shore_b
Lair:3:   layout_misc_corridors, spider_nest_entry_web_field,
          ebering_ghost_reflecting_pool, grunt_megastairs_5, uniq_urug
Lair:4:   layout_cave_pods, grunt_megastairs_3, serial_bayou_shore_b
Lair:5:   cheibrodos_lair_overgrown_chateau, layout_gridlike, slime_altar_2,
          uniq_rupert
Lair:6:   grunt_lair_end_beastmaster, layout_loops_ring, st_stairs_11,
          grunt_forest_large_clearings, uniq_nessos
Shoals:1: layout_shoals, serial_shops, shop, uniq_nikola
Shoals:2: layout_shoals
Shoals:3: layout_shoals
Shoals:4: shoals_end_grunt_ice, layout_shoals, serial_shops,
          nicolae_shop_waterfront, shop
Orc:1:    layout_caves
Orc:2:    grunt_orc_community_town_hall, layout_diamond_mine,
          grunt_orc_community_big_house_1, grunt_orc_community_big_house_1,
          grunt_orc_community_house_1, grunt_orc_community_house_1,
          grunt_orc_community_house_1, grunt_orc_community_house_3,
          grunt_orc_community_house_1, grunt_orc_community_house_1

Skill      XL: |  1  2  3  4  5  6  7  8  9 10 11 12 13 14 15 16 17 |
---------------+----------------------------------------------------+-----
Fighting       | 2 3 4 6 7 9 10 | 10.0
Short Blades   | 1 2 3 4 5 7 8 10 12 13 14 | 14.7
Slings         | 6 7 8 9 11 13 14 16 17 18 19 | 19.4
Dodging        | 4 6 7 8 9 11 12 | 12.1
Stealth        | 4 7 9 10 | 10.6
Shields        | 5 7 9 10 | 10.2
Invocations    | 4 8 9 10 | 10.0
Armour         | 3 5 8 10 | 10.0

Action                   |  1- 3 |  4- 6 |  7- 9 | 10-12 | 13-15 | 16-18 || total
-------------------------+-------+-------+-------+-------+-------+-------++-------
Melee: Short sword       |    12 |       |       |     5 |       |       ||    17
       Hunting sling     |       |       |     1 |       |       |       ||     1
       Rapier            |       |       |       |   821 |   671 |   360 ||  1852
       Dagger            |       |       |       |    13 |     9 |    15 ||    37
       Demon whip        |       |       |       |       |   307 |    24 ||   331
 Fire: Hunting sling     |    57 |   236 |   522 |  1008 |    56 |       ||  1879
       Fustibalus        |       |       |       |       |  1049 |   557 ||  1606
Throw: Dart              |       |       |       |     5 |       |       ||     5
Invok: Heroism           |       |       |       |    14 |    17 |     8 ||    39
       Finesse           |       |       |       |     1 |       |     1 ||     2
Evoke: Wand              |       |       |       |     7 |    11 |     1 ||    19
  Use: Scroll            |       |     8 |     7 |     9 |    17 |     8 ||    49
       Potion            |       |       |       |     3 |     3 |     2 ||     8
 Stab: Sleeping          |     2 |       |       |     4 |    11 |     6 ||    23
       Distracted        |       |       |       |     1 |     1 |       ||     2
       Confused          |       |       |       |       |     1 |       ||     1
       Fleeing           |       |       |       |       |       |     1 ||     1
  Eat: Chunk             |       |     7 |    12 |    17 |    31 |    14 ||    81
       Ration            |       |       |     1 |     6 |     7 |     3 ||    17
Armor: Leather armour    |     2 |       |       |       |       |       ||     2
       Ring mail         |       |    19 |    48 |    18 |       |       ||    85
       Skin              |       |       |       |     8 |       |       ||     8
       Scale mail        |       |       |       |   199 |   279 |    51 ||   529
       Storm dragon scal |       |       |       |       |     1 |       ||     1
       Quicksilver drago |       |       |       |       |       |    73 ||    73
Dodge: Dodged            |    23 |    49 |   116 |   737 |   916 |   508 ||  2349
Block: Buckler           |       |       |       |   314 |   452 |   273 ||  1039

Table legend:
 A = Non-vault XP
 B = Vault XP
 C = Vault XP percentage of total XP
 D = Non-vault monster count
 E = Vault monster count
 F = Vault count percentage of total count
                 A         B        C        D         E       F
            +---------+---------+-------+---------+---------+-------
      Total |  121856 |   57494 |  32.1 |     616 |     277 |  31.0
            +---------+---------+-------+---------+---------+-------
        D:1 |      15 |       0 |   0.0 |      11 |       0 |   0.0
        D:2 |      90 |       2 |   2.2 |      28 |       1 |   3.4
        D:3 |     192 |       0 |   0.0 |      34 |       0 |   0.0
        D:4 |     354 |       0 |   0.0 |      11 |       0 |   0.0
        D:5 |     697 |     357 |  33.9 |      22 |       3 |  12.0
        D:6 |    1112 |       0 |   0.0 |      27 |       0 |   0.0
        D:7 |     734 |    1131 |  60.6 |      25 |       6 |  19.4
        D:8 |    2690 |    1413 |  34.4 |      27 |       8 |  22.9
        D:9 |    2733 |    1207 |  30.6 |      26 |      14 |  35.0
       D:10 |    2487 |     524 |  17.4 |      23 |      36 |  61.0
       D:11 |    1320 |     641 |  32.7 |      16 |       2 |  11.1
       D:12 |    3590 |    1124 |  23.8 |      36 |       3 |   7.7
       D:13 |    8154 |       0 |   0.0 |      27 |       0 |   0.0
       D:14 |   10460 |    4052 |  27.9 |      28 |       4 |  12.5
       D:15 |    7174 |    3261 |  31.3 |      25 |       4 |  13.8
     Lair:1 |    3028 |    3406 |  52.9 |      12 |       8 |  40.0
     Lair:2 |    2204 |    1291 |  36.9 |       8 |       9 |  52.9
     Lair:3 |    2696 |    1243 |  31.6 |      11 |       3 |  21.4
     Lair:4 |    7173 |     256 |   3.4 |      29 |       2 |   6.5
     Lair:5 |    2028 |    8749 |  81.2 |      10 |      24 |  70.6
     Lair:6 |   11243 |   12970 |  53.6 |      32 |      36 |  52.9
   Shoals:1 |   14985 |    3514 |  19.0 |      33 |       1 |   2.9
   Shoals:2 |   23357 |       0 |   0.0 |      48 |       0 |   0.0
   Shoals:3 |    8656 |       0 |   0.0 |      16 |       0 |   0.0
   Shoals:4 |    2039 |       0 |   0.0 |       5 |       0 |   0.0
      Orc:1 |     705 |     133 |  15.9 |      11 |       1 |   8.3
      Orc:2 |    1940 |    7763 |  80.0 |      35 |      70 |  66.7
     Bailey |       0 |     181 | 100.0 |       0 |      18 | 100.0
      IceCv |       0 |    4276 | 100.0 |       0 |      24 | 100.0
            +---------+---------+-------+---------+---------+-------
